 Dungeon Crawl Stone Soup version 0.28.0 (webtiles) character file.

Game seed: 13550385656687359700

62793 Colgate the Severer (level 14, -3/136 HPs)
             Began as a Minotaur Berserker on Feb 6, 2022.
             Was a Priest of Trog.
             Slain by an eight-headed hydra (5 damage)
             ... on level 2 of the Swamp.
             The game lasted 00:32:15 (22111 turns).

Colgate the Severer (Minotaur Berserker)           Turns: 22111, Time: 00:32:16

Health: -3/136     AC: 22    Str: 28    XL:     14   Next: 65%
Magic:  12/13      EV: 10    Int:  4    God:    Trog [***...]
Gold:   1105       SH:  5    Dex:  9    Spells: 13/13 levels left

rFire   + . .      SeeInvis .   i - +1 battleaxe
rCold   + . .      Faith    .   (shield currently unavailable)
rNeg    . . .      Spirit   .   a - +1 chain mail {rC+}
rPois   +          Reflect  +   (helmet restricted)
rElec   .          Harm     .   y - +1 cloak
rCorr   .          Rampage  .   n - +0 pair of gloves
Will    +....                   t - +2 pair of boots
Stlth   ..........              v - amulet of reflection
HPRegen 0.32/turn               h - ring of poison resistance
MPRegen 0.13/turn               D - ring of protection from fire

@: on berserk cooldown, slowed, very slow
A: horns 2, retaliatory headbutt, MP-powered wands
a: Renounce Religion, Berserk, Trog's Hand


You were on level 2 of the Swamp.
You worshipped Trog.
Trog was most pleased with you.
You visited 3 branches of the dungeon, and saw 19 of its levels.
You also visited: Ossuary and Bailey.

You collected 1105 gold pieces.

Inventory:

Hand Weapons
 i - a +1 battleaxe (weapon)
Armour
 a - a +1 chain mail of cold resistance (worn)
 n - a +0 pair of gloves (worn)
 t - a +2 pair of boots (worn)
 u - a +1 ring mail of poison resistance
 y - a +1 cloak (worn)
 G - a +0 plate armour
 L - +0 acid dragon scales
Jewellery
 h - a ring of poison resistance (left hand)
 v - an amulet of reflection (around neck)
 D - a ring of protection from fire (right hand)
 E - an amulet of the acrobat
 N - a ring of fire
 Q - an amulet of guardian spirit
Wands
 d - a wand of mindburst (15)
 F - a wand of iceblast (11)
 H - a wand of acid (5)
 J - a wand of flame (5)
 M - a wand of digging (5)
Scrolls
 b - 3 scrolls of noise
 c - 7 scrolls of identify
 e - a scroll of silence
 j - 2 scrolls of immolation
 q - 3 scrolls of amnesia
 A - a scroll of fear
 B - 3 scrolls of teleportation
 I - a scroll of blinking
 K - a scroll of torment {unknown}
 P - a scroll of fog {unknown}
Potions
 f - a potion of attraction {unknown}
 g - 2 potions of magic {unknown}
 k - 6 potions of curing
 l - 2 potions of might {unknown}
 m - a potion of resistance {unknown}
 o - 4 potions of lignification {unknown}
 r - a potion of ambrosia {unknown}
 s - 2 potions of brilliance
 w - 2 potions of degeneration {unknown}
 x - 4 potions of flight
 z - 2 potions of haste {unknown}
 C - a potion of mutation
 O - a potion of cancellation {unknown}


   Skills:
 + Level 15.9 Fighting
 + Level 20.0 Axes
 + Level 1.0 Throwing
 + Level 15.8 Armour
 + Level 4.4 Dodging
 - Level 8.0 Shields


You had 13 spell levels left.
You didn't know any spells.
Your spell library was empty.

Dungeon Overview and Level Annotations

Branches:
Dungeon (15/15)            Temple (0/1) D:6            Lair (2/6) D:9
  Swamp (2/4) Lair:2          Orc (0/2) D:11         Depths (0/4) D:15
Ossuary (visited)          Bailey (visited)
  Snake: Lair:2-4    Spider: Lair:2-4    Vaults: D:13-14

Altars:
Dithmenos
Sif Muna
Uskayaw

Shops:
D:11 (

Portals:
Trove: D:11 (give +6 demon trident)

Annotations:
D:6 3 runed translucent doors, Mandevil's ghost, novice DgFE


Innate Abilities, Weirdness & Mutations

You have a pair of horns on your head.
You reflexively headbutt those who attack you in melee.
You expend magic power (3 MP) to strengthen your wands.


Message History

The eight-headed hydra bites you but does no damage.
You block the eight-headed hydra's attack.
The eight-headed hydra bites you but does no damage.
The eight-headed hydra completely misses you.
Throw: 2 throwing nets
Press: ? - help, Q - select action, (/) - cycle Shift-Dir - straight line, f/p - eight-headed hydra
Aim: an eight-headed hydra (lightly wounded, 80% to hit, immune to nets)
You throw a throwing net.
The throwing net hits the eight-headed hydra.
The eight-headed hydra is too large for the net to hold!
The eight-headed hydra is lightly wounded.
You block the eight-headed hydra's attack.
The eight-headed hydra bites you but does no damage.
The eight-headed hydra bites you.
* * * LOW HITPOINT WARNING * * *
The eight-headed hydra bites you but does no damage. x3
The eight-headed hydra bites you!
* * * LOW HITPOINT WARNING * * *
The eight-headed hydra bites you but does no damage.
Unknown command.
Throw: throwing net
Press: ? - help, Q - select action, (/) - cycle Shift-Dir - straight line, f/p - eight-headed hydra
Aim: an eight-headed hydra (lightly wounded, 80% to hit, immune to nets)
You throw a throwing net.
The throwing net hits the eight-headed hydra.
The eight-headed hydra is too large for the net to hold!
The eight-headed hydra is lightly wounded.
You block the eight-headed hydra's attack.
The eight-headed hydra bites you but does no damage. x3
The eight-headed hydra barely misses you.
The eight-headed hydra bites you but does no damage. x2
The eight-headed hydra closely misses you.
The eight-headed hydra bites you but does no damage.
You block the eight-headed hydra's attack.
The eight-headed hydra bites you!
* * * LOW HITPOINT WARNING * * *
You block the eight-headed hydra's attack.
The eight-headed hydra bites you but does no damage.
The eight-headed hydra bites you.
You die...

..♣ ♣♣..♣ ♣♣ ♣≈≈≈♣ ♣♣.♣♣
♣♣♣ ♣.≈.♣♣ ♣≈..♣♣♣§♣♣
♣≈≈≈.♣ ♣...♣♣.≈.♣♣♣♣≈≈≈.♣
♣ ♣.≈.≈≈$.D@......♣ ♣.♣
♣♣♣♣...≈≈♣♣♣..≈§.♣♣
...≈♣.♣..†≈.≈♣ ♣♣≈≈≈.♣
♣.≈.......♣≈.♣♣ ♣♣...♣♣
≈♣♣ ♣♣....≈.)≈.≈.≈♣
♣♣≈≈..♣♣ ♣♣≈≈§
♣.≈.....≈..♣.♣♣♣♣.≈≈§.^♣♣
♣.. ♣ ♣♣≈..≈.$≈≈♣♣♣♣
♣.≈≈≈≈≈.≈♣♣ ♣.♣ ♣
♣♣≈.≈..≈.♣
♣♣.≈≈≈≈≈≈.♣♣♣.♣ ♣
♣♣.......♣
♣≈≈≈♣≈≈.[.♣..♣♣♣


You could see an eight-headed hydra.

Vanquished Creatures
  An azure jelly (D:15)
  3 bunyips
  2 eleionomae (Swamp:1)
  Harold (D:8)
  7 hydras
  3 boulder beetles
  2 ghost crabs
  A catoblepas (D:15)
  Erica (D:10)
  5 centaur warriors
  5 two-headed ogres
  2 tengu warriors (D:15)
  2 alligators (Swamp:1)
  The ghost of grizmgrazm2 the Stinger, a novice DsVM of Gozag (Lair:1)
  7 skeletal warriors
  4 goliath frogs
  A swamp dragon (Swamp:1)
  2 bog bodies
  A wolf spider zombie (D:13)
  2 deep elf pyromancers
  A harpy (shapeshifter) (D:15)
  7 ugly things
  An oklob plant (Lair:1)
  3 manticores
  6 cyclopes
  An elephant (shapeshifter) (D:15)
  2 gargoyles
  4 cane toads (Lair:1)
  2 unseen horrors (D:12)
  3 komodo dragons
  A yaktaur (D:15)
  A tengu conjurer (D:15)
  3 freezing wraiths (D:15)
  A burning bush (Lair:1)
  A troll (D:10)
  3 tyrant leeches
  Prince Ribbit (D:7)
  A tarantella (shapeshifter) (D:15)
  3 hornets
  17 slime creatures
  A raiju (shapeshifter) (D:13)
  Sigmund (D:4)
  2 spriggans
  A meliai zombie (D:10)
  A wyvern (D:11)
  2 wraiths
  4 basilisks
  A vampire (D:11)
  22 yaks
  6 vampire mosquitoes
  10 swamp worms
  An acid dragon (D:11)
  2 water moccasins (Lair:1)
  Duvessa (D:5)
  2 ice beasts
  A black bear (D:5)
  3 orc warriors
  A necrophage (D:5)
  11 centaurs
  4 ogres
  2 phantoms
  A kobold brigand (D:9)
  4 bullfrogs
  8 scorpions
  Dowan (D:5)
  6 killer bees
  11 wights
  4 howler monkeys
  3 electric eels
  8 centaur zombies
  4 jellies (Lair:1)
  A hound (D:7)
  2 orc priests
  A centaur skeleton (D:7)
  2 gnoll shamans (D:7)
  6 orc wizards
  3 scorpion zombies (Ossuary)
  4 mummies
  13 gnolls
  A howler monkey skeleton (D:5)
  2 howler monkey zombies
  4 adders
  An ufetubus (D:5)
  2 worms (D:3)
  4 dart slugs
  17 orcs
  3 ball pythons
  A bat (D:1)
  20 endoplasms
  4 giant cockroaches
  3 gnoll zombies (Ossuary)
  6 goblins
  3 hobgoblins
  5 jackals
  8 kobolds
  2 quokkas
  2 frilled lizards
  4 goblin zombies (Ossuary)
  3 kobold zombies (Ossuary)
  An orc zombie (Ossuary)
  5 rats
377 creatures vanquished.

Vanquished Creatures (collateral kills)
  A goliath frog (Swamp:1)
  A glowing orange brain (D:15)
  An ugly thing (D:15)
3 creatures vanquished.

Vanquished Creatures (others)
  2 bloated husks
  9 fungi (Lair:1)
  2 plants
  A withered plant (D:13)
14 creatures vanquished.

Grand Total: 394 creatures vanquished

Notes
Turn   | Place    | Note
-------+----------+-------------------------------------------
     0 | D:1      | Colgate the Minotaur Berserker began the quest for the Orb.
     0 | D:1      | Reached XP level 1. HP: 19/19 MP: 0/0
    21 | D:1      | Reached skill level 4 in Axes
   529 | D:1      | Reached XP level 2. HP: 26/26 MP: 1/1
  1024 | D:2      | Reached skill level 5 in Axes
  1151 | D:2      | Reached XP level 3. HP: 31/31 MP: 2/2
  1421 | D:2      | Reached skill level 6 in Axes
  1421 | D:2      | Reached XP level 4. HP: 29/39 MP: 3/3
  2166 | D:3      | Reached ** piety under Trog
  3012 | D:4      | Noticed Sigmund
  3020 | D:4      | Killed Sigmund
  3021 | D:4      | Reached skill level 8 in Axes
  3021 | D:4      | Reached XP level 5. HP: 21/45 MP: 4/4
  3021 | D:4      | Reached XP level 6. HP: 24/51 MP: 5/5
  3306 | D:4      | You fall into a shaft and drop 1 floor!
  3306 | D:5      | Entered Level 5 of the Dungeon
  3319 | D:5      | Reached skill level 9 in Axes
  3418 | D:5      | Reached XP level 7. HP: 57/57 MP: 6/6
  3421 | D:5      | Reached skill level 10 in Axes
  3481 | D:5      | Noticed Dowan
  3481 | D:5      | Noticed Duvessa
  3487 | D:5      | Killed Dowan
  3501 | D:5      | Killed Duvessa
  3901 | D:5      | Reached skill level 11 in Axes
  4183 | D:6      | Found a runed translucent gate.
  4183 | D:6      | Found a runed translucent gate.
  4183 | D:6      | Found a runed translucent gate.
  4184 | D:6      | Noticed Mandevil's ghost (novice DgFE)
  4188 | D:6      | Found a staircase to the Ecumenical Temple.
  4284 | D:6      | Reached XP level 8. HP: 36/64 MP: 7/7
  4561 | D:6      | Reached skill level 12 in Axes
  4864 | D:6      | Reached skill level 13 in Axes
  5657 | D:7      | Noticed Prince Ribbit
  5663 | D:7      | Reached skill level 14 in Axes
  5664 | D:7      | Killed Prince Ribbit
  5665 | D:7      | Reached XP level 9. HP: 70/70 MP: 8/8
  5830 | D:7      | Found a shadowy altar of Dithmenos.
  5860 | D:7      | Found a flagged portal.
  5872 | Bailey   | Entered a bailey
  5879 | Bailey   | Noticed an orc knight
  5914 | D:7      | Found a sand-covered staircase.
  5925 | Ossuary  | Entered an ossuary
  5981 | Ossuary  | Reached skill level 15 in Axes
  6106 | Ossuary  | Reached *** piety under Trog
  6730 | D:7      | Found a hide-covered altar of Uskayaw.
  6927 | D:8      | Reached skill level 16 in Axes
  7004 | D:8      | Gained mutation: You expend magic power (3 MP) to
                  | strengthen your wands. [potion of mutation]
  7254 | D:8      | Noticed Harold
  7260 | D:8      | Killed Harold
  7261 | D:8      | Reached skill level 5 in Fighting
  7261 | D:8      | Reached skill level 1 in Shields
  7261 | D:8      | Reached XP level 10. HP: 83/83 MP: 9/9
  7831 | D:9      | Noticed a boulder beetle
  7833 | D:9      | Reached skill level 5 in Armour
  7833 | D:9      | Reached **** piety under Trog
  7848 | D:9      | Killed a boulder beetle
  8279 | D:9      | Found a staircase to the Lair.
  8645 | D:10     | Entered Level 10 of the Dungeon
  8877 | D:10     | Noticed a two-headed ogre
  8883 | D:10     | Killed a two-headed ogre
  8884 | D:10     | Reached skill level 17 in Axes
  9103 | D:10     | Noticed Erica
  9112 | D:10     | Killed Erica
  9434 | D:10     | Noticed a skeletal warrior
  9434 | D:10     | Noticed a skeletal warrior
  9434 | D:10     | Noticed a skeletal warrior
  9434 | D:10     | Noticed a skeletal warrior
  9435 | D:10     | Noticed a skeletal warrior
  9450 | D:10     | Killed a skeletal warrior
  9451 | D:10     | Reached XP level 11. HP: 87/94 MP: 10/10
  9460 | D:10     | Killed a skeletal warrior
  9466 | D:10     | Killed a skeletal warrior
  9475 | D:10     | Killed a skeletal warrior
  9477 | D:10     | HP: 4/95 [skeletal warrior[a skeletal warrior] (4)]
  9497 | D:10     | Killed a skeletal warrior
  9901 | D:10     | Noticed a two-headed ogre
  9907 | D:10     | Killed a two-headed ogre
  9908 | D:10     | Reached skill level 18 in Axes
 10198 | D:11     | Found a staircase to the Orcish Mines.
 10421 | D:11     | Found a portal to a secret trove of treasure.
 10474 | D:11     | Noticed a red ugly thing
 10482 | D:11     | Killed a red ugly thing
 10523 | D:11     | Found Tecib's Weapon Shoppe.
 10682 | D:11     | Noticed a two-headed ogre
 10689 | D:11     | Killed a two-headed ogre
 11065 | D:11     | Noticed a two-headed ogre
 11069 | D:11     | Killed a two-headed ogre
 11070 | D:11     | Reached skill level 1 in Throwing
 11481 | D:12     | Noticed a deep elf pyromancer
 11492 | D:12     | Killed a deep elf pyromancer
 11493 | D:12     | Reached XP level 12. HP: 76/106 MP: 11/11
 11814 | D:12     | Reached skill level 10 in Fighting
 11836 | D:12     | Reached skill level 19 in Axes
 12035 | D:12     | Noticed an eight-headed hydra
 12041 | D:12     | Killed an 11-headed hydra
 12601 | D:12     | Reached skill level 5 in Shields
 12920 | D:13     | Noticed a centaur warrior
 12928 | D:13     | Killed a centaur warrior
 12929 | D:13     | Reached skill level 10 in Armour
 13013 | D:13     | Noticed a boulder beetle
 13030 | D:13     | Killed a boulder beetle
 13796 | D:13     | Noticed a two-headed ogre
 13806 | D:13     | Killed a two-headed ogre
 14059 | D:13     | Reached skill level 20 in Axes
 14310 | D:13     | Noticed a centaur warrior
 14320 | D:13     | Killed a centaur warrior
 14570 | D:14     | Noticed a centaur warrior
 14578 | D:14     | Noticed a four-headed hydra
 14579 | D:14     | Killed a centaur warrior
 14580 | D:14     | Reached XP level 13. HP: 117/117 MP: 12/12
 14795 | D:15     | Entered Level 15 of the Dungeon
 15496 | D:15     | Found a shimmering blue altar of Sif Muna.
 15927 | D:15     | Found a staircase to the Depths.
 15999 | D:15     | Noticed an azure jelly
 16012 | D:15     | Killed an azure jelly
 16950 | Lair:1   | Entered Level 1 of the Lair of Beasts
 17193 | Lair:1   | Found a runed translucent door.
 17385 | Lair:1   | Reached XP level 14. HP: 129/132 MP: 13/13
 18297 | Lair:1   | Noticed grizmgrazm2's ghost (novice DsVM)
 18311 | Lair:1   | Killed grizmgrazm2's ghost
 18915 | Lair:2   | Found a staircase to the Swamp.
 18933 | Swamp:1  | Entered Level 1 of the Swamp
 18942 | Swamp:1  | Reached skill level 15 in Fighting
 19836 | Swamp:1  | Reached skill level 15 in Armour
 22111 | Swamp:2  | HP: 2/136 [eight-headed hydra (9)]
 22111 | Swamp:2  | Slain by an eight-headed hydra

Illustrated notes

Levels and vault maps discovered:
D:1:      dpeg_arrival_pond, layout_loops_ring
D:2:      layout_basic, serial_rivers, chequers_serial_rivers_marsh,
          chequers_serial_rivers_micro_b, chequers_serial_rivers_micro_d,
          chequers_serial_rivers_large_b, chequers_serial_rivers_micro_d,
          chequers_serial_rivers_small_3, minmay_misc_feat_enclosed
D:3:      layout_loops_cross, grunt_ministairs_4, minmay_door_square
D:4:      layout_loops_ring, kiku_gazebo_garden_becter,
          grunt_temple_overflow_open, uniq_sigmund
D:5:      layout_loops_ring, makhleb_blood_cavern_becter, cheibrodos_gnoll_hut,
          uniq_duvessa
D:6:      layout_loops_corners, minmay_temple_entry_mini_moons,
          gammafunk_ghost_necromancy, st_stairs_9
D:7:      layout_loops_cross, grunt_dithmenos_shadows,
          mainiacjoe_overflow_cross_hatched, gup_ossuary_entry_pyramid,
          enter_bailey_6, chequers_avenue, minmay_stone_trees_small,
          bh_walls_and_bars, uniq_prince_ribbit1
D:8:      layout_loops_ring, uniq_harold
D:9:      layout_irregular_city, lair_entry_dummy, kennysheep_generic_room_3
D:10:     layout_basic, uniq_erica
D:11:     layout_stronghold, orc_0_dummy, nicolae_trove_entry_isolated,
          serial_shops, nicolae_shop_bloodbath_and_beyond, moated_statue
D:12:     layout_stronghold
D:13:     layout_basic, gauntlet_entry_generic, serial_undead, serial_undead_b,
          serial_undead_e, serial_undead_f, serial_undead_f
D:14:     minmay_chambers_of_sevens, layout_loops_corners,
          hangedman_vaults_entry_quadrant_bands, hangedman_decor_peaks_small
D:15:     gammafunk_enter_depths_forms, layout_stronghold,
          portal_ice_cave_entry_frozen_things, nicolae_sif_muna_condensation,
          minmay_fractal_squares_gapless_5
Lair:1:   lemuel_slime, layout_gridlike, ebering_ghost_reflecting_pool,
          st_stairs_9, evilmike_ambush [evilmike_ambush_outer_corners,
          evilmike_ambush_inner_basic], lemuel_fruit_fields
Lair:2:   layout_small_grid, nicolae_swamp_entry_splash_gauntlet
Swamp:1:  layout_falls_marsh, hangedman_swamp_diagram, nicolae_swamp_treefoil,
          swamp_pool4, nicolae_swamp_trees_clearing
Swamp:2:  layout_falls_marsh, serial_swamp_ruin, evilmike_swamp_ruin_house_2,
          evilmike_swamp_ruin_house_3

Skill      XL: |  1  2  3  4  5  6  7  8  9 10 11 12 13 14 |
---------------+-------------------------------------------+-----
Axes           | 4 5 6 8 9 11 14 16 17 18 20 | 20.0
Fighting       | 5 7 9 11 14 15 | 15.9
Armour         | 4 6 9 11 14 15 | 15.8
Dodging        | 3 4 |  4.4
Shields        | 1 3 4 5 7 8 |  8.0
Throwing       | 1 |  1.0

Action                   |  1- 3 |  4- 6 |  7- 9 | 10-12 | 13-15 || total
-------------------------+-------+-------+-------+-------+-------++-------
Melee: Hand axe          |    36 |       |       |       |       ||    36
       Headbutt          |     5 |     7 |    42 |    84 |   108 ||   246
       War axe           |    13 |    66 |   232 |       |       ||   311
       Punch             |     1 |     1 |     2 |       |       ||     4
       Battleaxe         |       |       |       |   378 |   440 ||   818
Throw: Throwing net      |       |       |       |     4 |     3 ||     7
Invok: Berserk           |     1 |     4 |     7 |    21 |    24 ||    57
       Brothers in Arms  |       |       |       |     2 |     3 ||     5
Evoke: Wand              |       |       |       |     7 |     2 ||     9
  Use: Scroll            |     2 |       |    12 |     2 |     2 ||    18
       Potion            |       |       |     1 |     3 |     1 ||     5
 Stab: Held in net/web   |       |       |       |     1 |       ||     1
       Distracted        |       |       |       |       |     1 ||     1
Armor: Animal skin       |     3 |       |       |       |       ||     3
       Ring mail         |     7 |    16 |    46 |    19 |       ||    88
       Scale mail        |       |       |     2 |       |       ||     2
       Plate armour      |       |       |       |   168 |   203 ||   371
       Chain mail        |       |       |       |       |   119 ||   119
Dodge: Dodged            |    22 |    37 |    91 |   122 |   159 ||   431
Block: Other             |       |       |     7 |    75 |   106 ||   188
       Reflection        |       |       |       |     7 |     1 ||     8
